 Dungeon Crawl Stone Soup version 0.24.0-35-gdb84b6a5db (webtiles) character file.

Game seed: 18362693252765745073, levelgen mode: deterministic

85 glosham the Skirmisher (level 4, -1/40 HPs)
             Began as a Centaur Artificer on Nov 20, 2019.
             Slain by an adder skeleton (3 damage)
             ... on level 5 of the Dungeon.
             The game lasted 00:16:27 (530 turns).

glosham the Skirmisher (Centaur Artificer)           Turns: 530, Time: 00:16:28

Health: -1/40      AC:  8    Str: 12 (15) XL:     4   Next: 25%
Magic:  6/6        EV:  3    Int:  8 (10) God:
Gold:   55         SH:  0    Dex:  8 (10) Spells: 3/3 levels left

rFire    + . .     SeeInvis .   a - +0 short sword
rCold    . . .     Gourm    .   (no shield)
rNeg     . . .     Faith    .   g - +0 chain mail
rPois    .         Spirit   .   j - +0 helmet
rElec    .         Reflect  .   (no cloak)
rCorr    .         Harm     .   (no gloves)
MR       .....                  (no barding)
Stlth    ..........             (no amulet)
HPRegen  0.13/turn              D - ring of protection from fire
MPRegen  0.10/turn              (no ring)

@: very quick
A: large, hooves 3, deformed body, speed 2, tough skin 3
a: no special abilities


You were on level 5 of the Dungeon.
You were not hungry.

You visited 1 branch of the dungeon, and saw 6 of its levels.

You collected 55 gold pieces.

Inventory:

Hand Weapons
 a - a +0 short sword (weapon)
Armour
 b - a +0 leather armour
 g - a +0 chain mail (worn)
 h - a +0 ring mail
 j - a +0 helmet (worn)
Jewellery
 D - a ring of protection from fire (left hand)
Wands
 c - a wand of flame (15)
 d - a wand of enslavement (11)
 f - a wand of random effects (3)
Scrolls
 i - a scroll of immolation
 l - a scroll of blinking
 m - a scroll of fog
Potions
 v - a potion of haste
Comestibles
 e - 3 rations


   Skills:
 * Level 4.2 Fighting
 - Level 0.8 Short Blades
 - Level 1.3 Dodging
 - Level 0.4 Stealth
 - Level 2.6 Evocations


You had 3 spell levels left.
You didn't know any spells.
Your spell library was empty.

Dungeon Overview and Level Annotations

Branches:
Dungeon (6/15)
 Temple: D:4-7

Altars:
Ashenzari
Nemelex Xobeh
Sif Muna


Innate Abilities, Weirdness & Mutations

You have hooves in place of feet.
Armour fits poorly on your strangely shaped body.
You cover ground very quickly.
You have extremely tough skin. (AC +3)


Message History

The hornet zombie hits you. The hornet zombie hits you.
* * * LOW HITPOINT WARNING * * *
The hornet zombie hits you.
* * * LOW HITPOINT WARNING * * *
You climb downwards.
Found a scroll of fog, a scroll labeled BUVAERH DEUDGH and 5 boomerangs.
Found a shimmering blue altar of Sif Muna and a shattered altar of Ashenzari.
Found a stone staircase leading down.
There is a stone staircase leading up here.
It was a potion of degeneration.
There was something very wrong with that liquid.
You feel weakened.
You feel dopey.
You feel clumsy.
Found a scroll of immolation.
Found a stone staircase leading up.
You see here a scroll of fog.
m - a scroll of fog You see here a scroll of immolation.
i - a scroll of immolation
There is a stone staircase leading up here.
You climb upwards.
An adder skeleton comes into view.
There is a stone staircase leading down here.
Your chain mail prevents you from hitting the adder skeleton.
The adder skeleton bites you but does no damage.
Your chain mail prevents you from hitting the adder skeleton.
You kick the adder skeleton.
The adder skeleton is lightly damaged.
The adder skeleton bites you but does no damage.
The adder skeleton bites you.
* * * LOW HITPOINT WARNING * * *
You barely miss the adder skeleton.
The adder skeleton is lightly damaged.
The adder skeleton bites you but does no damage.
You hit the adder skeleton.
The adder skeleton is moderately damaged.
The adder skeleton bites you but does no damage.
Your chain mail prevents you from hitting the adder skeleton.
The adder skeleton is moderately damaged.
The adder skeleton bites you.
You die...

.. ....
.....####
......Z@###.#
.....##.>...#
... ####..# .
.# .# .. .. .


You could see an adder skeleton.

Vanquished Creatures
  An orc wizard (D:3)
  3 adders
  2 worms
  A leopard gecko (D:3)
  An orc (D:3)
  A bat (D:1)
  A giant cockroach (D:3)
  3 hobgoblins
  4 kobolds (D:3)
  3 frilled lizards
  2 goblins (D:3)
  3 rats
25 creatures vanquished.

Vanquished Creatures (collateral kills)
  A goblin (D:3)
1 creature vanquished.

Grand Total: 26 creatures vanquished

Notes
Turn   | Place    | Note
-------+----------+-------------------------------------------
     0 | D:1      | glosham the Centaur Artificer began the quest for the Orb.
     0 | D:1      | Reached XP level 1. HP: 16/16 MP: 2/2
   180 | D:2      | Reached skill level 2 in Fighting
   180 | D:2      | Reached XP level 2. HP: 5/25 MP: 4/4
   270 | D:3      | Reached skill level 3 in Fighting
   284 | D:3      | Reached XP level 3. HP: 5/31 MP: 5/5
   396 | D:3      | Reached skill level 4 in Fighting
   396 | D:3      | Reached XP level 4. HP: 19/40 MP: 6/6
   439 | D:5      | Entered Level 5 of the Dungeon
   500 | D:5      | Found a sparkling altar of Nemelex Xobeh.
   508 | D:5      | HP: 3/40 [hornet zombie (5)]
   509 | D:6      | Found a shimmering blue altar of Sif Muna.
   509 | D:6      | Found a shattered altar of Ashenzari.
   527 | D:5      | HP: 2/40 [adder skeleton (3)]
   530 | D:5      | Slain by an adder skeleton

Levels and vault maps discovered:
D:1:      kilobyte_arrival_exit_the_forest, layout_loops_ring
D:2:      layout_loops_ring, first_ration
D:3:      layout_loops_ring
D:4:      layout_gridville, makhleb_heckhound_becter,
          gammafunk_temple_overflow_statue, serial_shops, shop, uniq_natasha,
          uniq_eustachio
D:5:      layout_layer_cave, minmay_temple_entry_arrows, basic_altar,
          minmay_manual_monolith
D:6:      layout_rooms, grunt_temple_overflow_open, kennysheep_small_circle

Skill      XL: |  1  2  3 |
---------------+----------+-----
Fighting       | 2 3 4 |  4.2
Short Blades   | |  0.8
Dodging        | |  1.3
Stealth        | |  0.4
Evocations     | |  2.6

Action                   |  1- 3 |  4- 6 || total
-------------------------+-------+-------++-------
Melee: Short sword       |    53 |    11 ||    64
       Kick              |    11 |     3 ||    14
Evoke: Wand              |     9 |     7 ||    16
  Use: Scroll            |     2 |     2 ||     4
       Potion            |       |     1 ||     1
Armor: Ring mail         |    31 |       ||    31
       Chain mail        |     1 |     6 ||     7
Dodge: Dodged            |    29 |     1 ||    30

Table legend:
 A = Turns spent in this place as a percentage of turns spent in the entire game.
 B = Non-inter-level travel turns spent in this place as a percentage of non-inter-level travel turns spent in the entire game.
 C = Inter-level travel turns spent in this place as a percentage of turns spent in this place.
 D = Turns resting spent in this place as a percentage of non-inter-level travel turns spent in this place.
 E = Turns spent auto-exploring this place as a percentage of non-inter-level travel turns spent in this place.
 F = Non-inter-level travel turns spent in this place divided by the number of levels of this place that you've seen.
                   A       B       C       D       E      F
               +-------+-------+-------+-------+-------+----------------------
         Total | 100.0 | 100.0 |   0.0 |   0.0 |   0.0 |  88.3
       Dungeon | 100.0 | 100.0 |   0.0 |   0.0 |   0.0 |  88.3
               +-------+-------+-------+-------+-------+----------------------

Table legend:
 A = Kills in this place as a percentage of kills in entire the game.
 B = Kills by you in this place as a percentage of kills by you in the entire game.
 C = Kills by friends in this place as a percentage of kills by friends in the entire game.
 D = Other kills in this place as a percentage of other kills in the entire game.
 E = Experience gained in this place as a percentage of experience gained in the entire game.
 F = Experience gained in this place divided by the number of levels of this place that you have seen.
                   A       B       C       D       E      F
               +-------+-------+-------+-------+-------+----------------------
         Total | 100.0 | 100.0 | 100.0 |   N/A | 100.0 |  20.3
       Dungeon | 100.0 | 100.0 | 100.0 |   N/A | 100.0 |  20.3
               +-------+-------+-------+-------+-------+----------------------

Levels and vault maps discovered:
D:1:      kilobyte_arrival_exit_the_forest, layout_loops_ring
D:2:      layout_loops_ring, first_ration
D:3:      layout_loops_ring
D:4:      layout_gridville, makhleb_heckhound_becter,
          gammafunk_temple_overflow_statue, serial_shops, shop, uniq_natasha,
          uniq_eustachio
D:5:      layout_layer_cave, minmay_temple_entry_arrows, basic_altar,
          minmay_manual_monolith
D:6:      layout_rooms, grunt_temple_overflow_open, kennysheep_small_circle
